 Dungeon Crawl Stone Soup version 0.13.0-11-g0187522 (webtiles) character file.

143336 Lilouch the Tortoise (level 17, -8/75 HPs)
             Began as a Gargoyle Fighter on Oct 17, 2013.
             Was a High Priest of Okawaru.
             Killed by divine providence
             ... invoked by a smoke demon
              (12 damage)
             ... on Level 1 of the Abyss on Oct 18, 2013.
             The game lasted 07:33:10 (40630 turns).

Lilouch the Tortoise (Gargoyle Fighter)            Turns: 40630, Time: 07:33:10

HP  -8/75        AC 40     Str 22 (25) XL: 17   Next: 33%
MP  30/30        EV  8     Int -12 (7) God: Okawaru [*****.]
Gold 1957        SH 26     Dex  1 (6)  Spells:  1 memorised, 15 levels left

Res.Fire  : + + .   See Invis. : +   d - +2,+3 mace of Quarrel {freeze, +Rage rC+}
Res.Cold  : + . .   Warding    : .   C - +4 chain mail {rF+}
Life Prot.: + . .   Conserve   : +   U - +0 shield {AC+3}
Res.Poison: +       Res.Corr.  : +   f - +2 helmet
Res.Elec. : +       Clarity    : +   O - +0 cloak {rCorr, Cons}
Sust.Abil.: . .     Spirit.Shd : .   z - +0 pair of gloves
Res.Mut.  : .       Rnd.Telep. : +   g - +2 pair of boots {Stlth+}
Res.Rott. : +       Flight     : +   R - amulet of the gourmand
Gourmand  : +                        i - ring of regeneration
                                     l - ring of Lesser Demons {+Rage rF+ Str+3 SInv}

@: lost intelligence, flying, very slow, somewhat resistant to hostile
enchantments, extremely unstealthy
A: large and strong wings, fangs 1, talons 2, blurry vision 2, clarity, deformed
body, deterioration 3, herbivore 1, -30% hp, life protection 1, screaming 2,
electricity resistance, slowness 1, slow metabolism 1, teleportitis 1, wild
magic 1, unbreathing, evolution 2, petrification resistance, AC +12, Str -4, Int
-4, Dex -2
a: Stop Flying, Heroism, Finesse, Renounce Religion, Evoke Berserk Rage


You were on level 1 of the Abyss.
You worshipped Okawaru.
Okawaru was extremely pleased with you.
You were not hungry.

You visited 4 branches of the dungeon, and saw 31 of its levels.
You visited the Abyss 1 time.
You also visited: Labyrinth.

You collected 2604 gold pieces.
You spent 667 gold pieces at shops.

Inventory:

Hand weapons
 d - the +2,+3 mace of Quarrel (weapon) {freeze, +Rage rC+}
   (Okawaru gifted it to you on level 3 of the Orcish Mines)

   It has been specially enchanted to freeze those struck by it, causing extra
   injury to most foes and up to double damage against particularly susceptible
   opponents.
   It can also slow down cold-blooded creatures.
   It protects you from cold.
   It lets you go berserk.
 n - a +1 blowgun
 y - the +9,+4 morningstar of No Interval {crush, rF+ Int-5}
   (Okawaru gifted it to you on level 8 of the Lair of Beasts)

   It inflicts extra damage upon your enemies.
   It affects your intelligence (-5).
   It protects you from fire.
 I - a -1,+1 orcish mace of protection
 Q - a +0,+0 scimitar of flaming
 W - a +3,+2 scythe of flaming
 Y - the cursed +0,+3 crossbow of Fortitude {velocity, rPois rF- rN+ Dex+2 SInv, unknown}
   (You found it on level 1 of the Abyss)

   Any bolt fired from it inflicts extra damage.
   It affects your dexterity (+2).
   It makes you vulnerable to fire.
   It protects you from poison.
   It protects you from negative energy.
   It enhances your eyesight.
   It has a curse placed upon it.
Missiles
 A - 10 poisoned darts (quivered)
 E - 114 poisoned needles
 X - 15 curare-tipped needles
Armour
 f - a +2 helmet (worn)
 g - a +2 pair of boots of stealth (worn)
 z - a +0 pair of gloves (worn)
 C - a +4 chain mail of fire resistance (worn)
 O - a +0 cloak of preservation (worn)
 U - a +0 shield of protection (worn)
Magical devices
 q - a wand of digging (3)
 u - a wand of fire (3)
 v - a wand of fireball (1)
 w - a wand of enslavement (5)
 x - a wand of lightning (2)
 M - a wand of paralysis (5)
 N - a wand of slowing (5)
 P - a wand of confusion (8)
 Z - a wand of confusion (9)
Comestibles
 B - a meat ration
Scrolls
 b - a scroll of fog
 j - 11 scrolls of teleportation
 o - 2 scrolls of immolation
 p - a scroll of recharging
 t - 2 scrolls of enchant armour
 D - 2 scrolls of identify
 J - 4 scrolls of blinking
Jewellery
 h - the amulet of the Four Winds {Clar rN+ MR++}
   (You found it on level 4 of the Lair of Beasts)

   [amulet of clarity]

   It protects you from negative energy.
   It affects your resistance to hostile enchantments.
 i - a ring of regeneration (right hand)
 k - a +5 ring of protection
 l - the ring of Lesser Demons (left hand) {+Rage rF+ Str+3 SInv}
   (You found it on level 2 of the Lair of Beasts)

   [ring of protection from fire]

   It affects your strength (+3).
   It enhances your eyesight.
   It lets you go berserk.
 s - an uncursed amulet of guardian spirit
 L - an uncursed amulet of warding {unknown}
 R - an amulet of the gourmand (around neck)
 S - an uncursed ring of teleport control
 V - an uncursed ring of positive energy
Potions
 a - 4 potions of might
 c - a potion of invisibility
 e - 4 potions of speed
 m - a potion of agility
 H - 4 potions of curing
 T - 2 potions of resistance
Books
 G - a book of Party Tricks

   Spells                             Type                      Level
   Summon Butterflies                 Summoning                    1
   *Apportation                       Translocation                1
   Blink                              Translocation                2
   Alistair's Intoxication            Transmutation/Poison         4
   Tukima's Dance                     Hexes                        5


   Skills:
 * Level 13.7 Fighting
 + Level 13.2 Maces & Flails
 + Level 15.5 Armour
 - Level 5.2 Dodging
 + Level 15.0 Shields
 - Level 11.0 Invocations
 - Level 10.0 Evocations


You had 15 spell levels left.
You knew the following spells:

 Your Spells              Type           Power        Failure   Level  Hunger
a - Apportation           Tloc           #.........   100%        1    ##.....


Dungeon Overview and Level Annotations

Branches:
Dungeon (17/27)               Orc (4/4) D:7             Elf (0/3) Orc:4
   Lair (8/8) D:11         Shoals (0/5) Lair:4        Snake (2/5) Lair:4
  Slime (0/6) Lair:6
 Temple: D:4-7       Vaults: D:15-20

Altars:
Elyvilon
Kikubaaqudgha
Okawaru
Trog
Jiyva

Shops:
D:9 [   Orc:4 }*+?

Portals:
Ziggurat: D:13 (5090 gp)
Trove: D:14 (give wand of heal wounds (9))

Annotations:
D:6 exclusion: statue
D:17 Louise
Lair:2 exclusion: oklob plant
Snake:2 Frances


Innate Abilities, Weirdness & Mutations

You are resistant to torment.
You are immune to poison.
You can fly continuously.
Your stone body is very resilient (AC +12).
Your wings are large and strong.
You have very sharp teeth.
You have razor-sharp toenails.
You resist negative energy.
You are resistant to electric shocks.
You have a slow metabolism.
You can survive without breathing.
You are immune to petrification.
You possess an exceptional clarity of mind.
Armour fits poorly on your strangely shaped body.
Your body is rapidly deteriorating.
You are very dopey. (Int -4)
You are extremely frail (-30% HP).
You are very weak. (Str -4)
Your spells are a little harder to cast, but a little more powerful.
You rapidly evolve.
[Your vision is quite blurry.]
[You are clumsy. (Dex -2)]
[You digest meat inefficiently.]
[You sometimes yell uncontrollably.]
[You cover ground slowly.]
[Space occasionally distorts in your vicinity.]


Message History

You feel like a meek peon again. The smoke demon gestures at you.
You block the ball of steam. The smoke demon gestures at you.
You block the sticky flame. The smoke demon gestures at you.
The ball of steam hits you! You resist.
* * * LOW HITPOINT WARNING * * *
Drink which item? (? for menu, Esc to quit)
You feel better.
A wretched star comes into view.
The wretched star pulses with an eldritch light!
You feel sluggish.
Your vision blurs.
You feel a strong urge to yell. The smoke demon gestures at you.
Something smites you!
* * * LOW HITPOINT WARNING * * *
Found a wooden ring.
The smoke demon gestures at you. Something smites you!
You die...

. . # ### ## .#### .#.#
.... #..#.# ..# ... ....
#### ..#
#§.#######.###.##§# #
##..##..3..#......#...
#..#........§*@........
.##.#..##.####.###≈#.#.#.
. #...#.# ##.# #
#.#.#....## ≈## .##.# ..#
.# *#. .# ..## .= ##


You could see a wretched star and a smoke demon.

Vanquished Creatures
  Nikola (Snake:1)
  A ghost moth (Lair:6)
  2 orc warlords
  2 tentacled starspawn (Abyss:1)
  A reaper (Abyss:1)
  A vampire knight (D:15)
  Snorg (D:15)
  A dragon (D:16)
  A minotaur (Lab)
  6 hydras
  Erica (D:10)
  2 anacondas (Snake:1)
  19 death yaks
  3 thrashing horrors (Abyss:1)
  A vampire mage (D:15)
  2 centaur warriors (D:15)
  4 orc high priests (Orc:4)
  2 sun demons
  A rakshasa (Abyss:1)
  Nergalle (Orc:2)
  A shadow wraith (D:15)
  3 unseen horrors
  3 large abominations (Abyss:1)
  7 slime creatures
  An orc knight (D:7)
  2 deep elf conjurers (D:14)
  4 cyclopes
  6 hill giants
  2 griffons
  A wizard (D:15)
  3 orc sorcerers (Orc:4)
  2 elephants
  2 sixfirhies (Abyss:1)
  Maurice (Orc:2)
  7 black mambas
  An orange demon (Abyss:1)
  Erolcha (D:8)
  An item mimic (D:14)
  3 smoke demons (Abyss:1)
  2 spriggan druids (Lair:8)
  10 spiny frogs
  A feature mimic (Lair:2)
  A naga mage (Snake:1)
  3 fire drakes
  2 ancient zymes (Abyss:1)
  A wandering mushroom (Lair:4)
  7 hellwings (Abyss:1)
  Grinder (D:5)
  A komodo dragon (Lair:1)
  A fire drake (shapeshifter) (D:13)
  9 spriggans (Lair:8)
  8 trolls
  Sonja (D:10)
  A blue devil (Orc:4)
  Prince Ribbit (Orc:1)
  A giant firefly (Lair:8)
  2 boulder beetles
  2 two-headed ogres
  A hydra skeleton (D:9)
  11 grizzly bears
  2 spectral orcs (Orc:2)
  26 blink frogs
  8 vampires
  24 ugly things
  A shadow (D:12)
  5 ynoxinuls (Abyss:1)
  3 water elementals (D:15)
  4 basilisks
  2 trapdoor spiders
  6 flying skulls (D:15)
  44 yaks
  A chaos spawn (Orc:4)
  7 vampire mosquitoes
  2 wraiths
  Eustachio (Orc:2)
  2 elephant slugs
  A hill giant zombie (D:9)
  3 wyverns
  Grum (Orc:1)
  A human (D:12)
  9 deep elf fighters (D:14)
  5 neqoxecs
  11 sharks
  4 hungry ghosts
  32 wolves
  A steam dragon (Lair:3)
  Edmund (Orc:1)
  2 soldier ants
  A rock worm (D:13)
  A mottled dragon (D:12)
  6 hippogriffs
  10 small abominations (Abyss:1)
  3 necrophages
  3 sky beasts
  16 porcupines
  2 ice beasts
  4 nagas
  5 black bears
  8 ogres
  3 phantoms
  33 orc warriors
  5 giant goldfish
  12 centaurs
  3 wargs
  13 crocodiles
  2 rotting devils
  A boring beetle (Lair:8)
  The ghost of inmateoo the Cudgeler, an average GrFi (D:3)
  2 giant slugs
  Blork the orc (D:5)
  A wyvern zombie (D:9)
  6 big kobolds
  11 giant frogs
  19 water moccasins
  3 agate snails
  A cyclops skeleton (D:15)
  A troll zombie (D:13)
  A hippogriff zombie (D:7)
  6 jellyfish
  12 wights
  19 killer bees
  11 electric eels
  A fire bat (Lair:6)
  13 crimson imps
  4 goliath beetles
  2 eyes of draining
  8 jellies
  3 quasits
  8 starcursed masses (Abyss:1)
  4 big fish
  7 hounds
  28 orc priests
  3 scorpions
  A giant frog skeleton (D:6)
  42 orc wizards
  16 worker ants
  A gnoll shaman (D:7)
  10 iguanas
  A basilisk skeleton (D:14)
  A killer bee zombie (D:5)
  13 sheep
  Jessica (D:2)
  A deep dwarf zombie (Abyss:1)
  A mottled dragon zombie (D:12)
  An ogre zombie (D:7)
  A big kobold zombie (D:7)
  An ogre skeleton (D:6)
  A boggart (Lair:6)
  2 mummies
  A hound skeleton (D:11)
  9 gnolls (D:6)
  25 adders
  A brain worm simulacrum (Abyss:1)
  2 lemures
  50 green rats
  3 giant centipedes
  5 shadow imps
  2 giant mites
  A white imp (Orc:4)
  6 worms
  14 ufetubi (Abyss:1)
  An adder skeleton (D:4)
  An adder zombie (D:5)
  3 giant eyeballs
  14 giant geckos
  2 oozes
  189 orcs
  17 bats
  5 giant cockroaches
  12 hobgoblins
  37 kobolds
  12 quokkas
  A ball python (D:3)
  A giant gecko skeleton (D:5)
  7 giant newts
  5 giant spores
  23 goblins
  A goblin skeleton (D:4)
  A hobgoblin zombie (D:7)
  10 human zombies (D:15)
  19 jackals
  A kobold zombie (D:7)
  An orc skeleton (D:7)
  3 orc zombies
  15 rats
  A rat zombie (D:5)
  13 ballistomycetes
  4 fungi
  5 plants
1304 creatures vanquished.

Vanquished Creatures (collateral kills)
  A naga (Snake:1)
1 creature vanquished.

Vanquished Creatures (others)
  A black mamba (Snake:2)
  2 yaks (D:13)
  A deep elf fighter (D:14)
  A naga (Snake:2)
  A jellyfish (Lair:2)
  An electric eel (Lair:2)
  An orc priest (D:7)
  2 adders
  2 bats
  A jackal (Lair:2)
  A giant spore (D:7)
  A ballistomycete (D:7)
  7 fungi
  11 plants
  8 starspawn tentacles (Abyss:1)
  36 starspawn tentacle segments (Abyss:1)
77 creatures vanquished.

Grand Total: 1382 creatures vanquished

Notes
Turn   | Place    | Note
--------------------------------------------------------------
     0 | D:1      | Lilouch, the Gargoyle Fighter, began the quest for the Orb.
     0 | D:1      | Reached XP level 1. HP: 14/14 MP: 0/0
   226 | D:1      | Reached XP level 2. HP: 19/19 MP: 1/1
   414 | D:2      | Reached XP level 3. HP: 17/24 MP: 2/2
   449 | D:2      | Found an iron altar of Okawaru.
   476 | D:2      | Became a worshipper of Warmaster Okawaru
   626 | D:2      | Noticed Jessica
   633 | D:2      | Killed Jessica
   633 | D:2      | Reached skill level 4 in Armour
   633 | D:2      | Reached XP level 4. HP: 25/28 MP: 3/3
  1309 | D:3      | Reached XP level 5. HP: 33/33 MP: 4/4
  1371 | D:3      | Noticed inmateoo's ghost (average GrFi)
  1418 | D:3      | Killed inmateoo's ghost
  1736 | D:3      | Reached skill level 5 in Maces & Flails
  1736 | D:3      | Reached XP level 6. HP: 38/38 MP: 5/5
  1981 | D:4      | Acquired Okawaru's first power
  2294 | D:4      | Reached skill level 5 in Armour
  2332 | D:4      | Reached skill level 6 in Maces & Flails
  2332 | D:4      | Reached XP level 7. HP: 40/42 MP: 6/6
  2733 | D:4      | Reached skill level 5 in Shields
  2952 | D:5      | Entered Level 5 of the Dungeon
  2981 | D:5      | Noticed Blork the orc
  2996 | D:5      | Killed Blork the orc
  3284 | D:5      | Reached skill level 7 in Maces & Flails
  3713 | D:5      | Reached XP level 8. HP: 45/48 MP: 7/7
  3773 | D:5      | Noticed Grinder
  3785 | D:5      | Paralysed by Grinder for 6 turns
  3803 | D:5      | Killed Grinder
  4166 | D:5      | Reached skill level 8 in Maces & Flails
  4723 | D:6      | Noticed a wizard statue
  4729 | D:6      | Reached XP level 9. HP: 11/52 MP: 8/8
  4796 | D:6      | Paralysed by a potion of paralysis for 5 turns
  5438 | D:6      | Reached skill level 9 in Armour
  5480 | D:6      | Found an ancient bone altar of Kikubaaqudgha.
  5798 | D:7      | Reached skill level 10 in Armour
  6192 | D:7      | Reached skill level 11 in Armour
  6221 | D:6      | Reached XP level 10. HP: 6/57 MP: 9/9
  6596 | D:7      | Reached skill level 12 in Armour
  6727 | D:7      | Reached skill level 1 in Invocations
  7215 | D:7      | Noticed an orc knight
  7257 | D:7      | Killed an orc knight
  7263 | D:7      | Acquired Okawaru's second power
  7270 | D:7      | Received a gift from Okawaru
  7479 | D:7      | Found a staircase to the Orcish Mines.
  7695 | D:8      | Reached skill level 5 in Invocations
  7937 | D:8      | Noticed Erolcha
  7952 | D:8      | Killed Erolcha
  8258 | D:8      | Reached XP level 11. HP: 61/61 MP: 20/20
  8947 | D:9      | Paralysed by a giant eyeball for 2 turns
  8950 | D:9      | Paralysed by a giant eyeball for 3 turns
  9403 | D:9      | Found Praoquxen's Armour Boutique.
  9410 | D:9      | Bought a +0 shield of protection for 307 gold pieces
  9410 | D:9      | Bought a +1 pair of dwarven boots for 111 gold pieces
  9410 | D:9      | Bought a +0 pair of gloves for 25 gold pieces
  9547 | D:10     | Entered Level 10 of the Dungeon
  9609 | D:10     | Noticed a hill giant
  9618 | D:10     | Killed a hill giant
  9922 | D:10     | Noticed Sonja
  9954 | D:10     | Killed Sonja
 10408 | D:10     | Noticed Erica
 10417 | D:10     | Killed Erica
 10417 | D:10     | Reached skill level 10 in Shields
 10469 | D:10     | Paralysed by a giant eyeball for 3 turns
 10754 | D:11     | Found a staircase to the Lair.
 10870 | Lair:1   | Entered Level 1 of the Lair of Beasts
 10999 | Lair:1   | Reached skill level 10 in Invocations
 11009 | Lair:1   | Reached XP level 12. HP: 44/66 MP: 25/25
 11339 | Lair:1   | Received a gift from Okawaru
 11432 | Lair:1   | Reached skill level 10 in Maces & Flails
 11540 | Lair:1   | Noticed a five-headed hydra
 11556 | Lair:1   | Killed a hydra
 12167 | Lair:2   | Got a smoking bronze ring
 12236 | Lair:2   | Got a smoking robe
 13724 | Lair:2   | Reached skill level 1 in Evocations
 14295 | Lair:3   | Noticed a seven-headed hydra
 14299 | Lair:3   | Noticed a seven-headed hydra
 14329 | Lair:2   | Killed a hydra
 14924 | Lair:3   | Killed a hydra
 14924 | Lair:3   | Received a gift from Okawaru
 15393 | Lair:4   | Found a labyrinth entrance.
 15430 | Lab      | Entered a labyrinth
 17262 | Lab      | Noticed a minotaur
 17273 | Lab      | Killed a minotaur
 17273 | Lab      | Reached skill level 5 in Evocations
 17313 | Lab      | Identified a scroll of acquirement
 17316 | Lab      | Got a faintly humming cloak
 17346 | Lab      | Identified the +0 cloak of Calculation {Str+2 Dex-3} (You acquired it in a labyrinth)
 17509 | Lair:1   | Identified the ring of Lesser Demons {+Rage rF+ Str+3 SInv} (You found it on level 2 of the Lair of Beasts)
 17599 | Lair:1   | Identified the +2 robe "Jirph" {Dex-2 Int-2} (You found it on level 2 of the Lair of Beasts)
 18188 | Lair:1   | Reached XP level 13. HP: 71/71 MP: 26/26
 18471 | Lair:4   | Found a staircase to the Shoals.
 18593 | Lair:4   | Received a gift from Okawaru
 18620 | Lair:4   | Reached skill level 13 in Armour
 18640 | Lair:4   | Found a staircase to the Snake Pit.
 19207 | Snake:1  | Entered Level 1 of the Snake Pit
 20398 | Lair:4   | Upgraded the game from 0.13.0-9-gbc74161 to 0.13.0-11-g0187522
 21084 | Lair:5   | Received a gift from Okawaru
 21109 | Lair:5   | Identified a +0 cloak of preservation (Okawaru gifted it to you on level 5 of the Lair of Beasts)
 21792 | Lair:6   | Noticed a ghost moth
 21792 | Lair:6   | an agate snail changed into a ghost moth
 21841 | Lair:6   | Killed a ghost moth
 22575 | Lair:6   | Found a staircase to the Slime Pits.
 22576 | Lair:6   | Found a viscous altar of Jiyva.
 23524 | Lair:7   | Reached skill level 10 in Evocations
 23564 | Lair:7   | Gained mutation: Your wings are large and strong. [gargoyle growth]
 23564 | Lair:7   | Reached XP level 14. HP: 42/76 MP: 27/27
 23834 | Lair:7   | Received a gift from Okawaru
 24190 | Lair:7   | Reached skill level 5 in Fighting
 24788 | Lair:8   | Entered Level 8 of the Lair of Beasts
 26036 | Lair:8   | Reached skill level 14 in Armour
 26428 | Lair:8   | Received a gift from Okawaru
 26465 | Lair:8   | Got a faintly glowing morningstar {god gift}
 27221 | Lair:1   | Learned a level 1 spell: Apportation
 27268 | Lair:1   | Identified the morningstar of No Interval {god gift, crush, rF+ Int-5} (Okawaru gifted it to you on level 8 of the Lair of Beasts)
 27307 | Lair:1   | Shuffle card: Str 25[27], Int 10[10], Dex 8[8]
 27367 | Lair:1   | Gained mutation: You can spit poison. [helix card]
 27399 | Lair:1   | Gained mutation: You need consume almost no food. [potion of mutation]
 27399 | Lair:1   | Gained mutation: You evolve. [potion of mutation]
 27461 | Lair:1   | Lost mutation: You can spit poison. [helix card]
 27461 | Lair:1   | Gained mutation: You possess an exceptional clarity of mind. [helix card]
 27462 | Lair:1   | Reached skill level 5 in Dodging
 27462 | Lair:1   | Reached XP level 15. HP: 89/89 MP: 28/28
 28247 | Snake:2  | Noticed Nikola
 28265 | Snake:2  | Noticed Frances
 28284 | Snake:1  | Killed Nikola
 28698 | Orc:1    | Entered Level 1 of the Orcish Mines
 28831 | Orc:1    | Noticed Grum
 28859 | Orc:1    | Killed Grum
 29105 | Orc:1    | Noticed Edmund
 29139 | Orc:1    | Killed Edmund
 29253 | Orc:1    | Noticed Prince Ribbit
 29270 | Orc:1    | Killed Prince Ribbit
 29476 | Orc:2    | Noticed Eustachio
 29503 | Orc:2    | Killed Eustachio
 29539 | Orc:2    | Found a bloodstained altar of Trog.
 29539 | Orc:2    | Noticed Nergalle
 29583 | Orc:2    | Killed Nergalle
 29680 | Orc:2    | Noticed Maurice
 29706 | Orc:2    | Killed Maurice
 30108 | Orc:4    | Entered Level 4 of the Orcish Mines
 30299 | Orc:4    | Found a staircase to the Elven Halls.
 30531 | Orc:3    | Reached skill level 10 in Fighting
 30601 | Orc:3    | Received a gift from Okawaru
 30609 | Orc:3    | Got a bloodstained mace {god gift}
 30610 | Orc:3    | Identified the mace of Quarrel {god gift, freeze, +Rage rC+} (Okawaru gifted it to you on level 3 of the Orcish Mines)
 31437 | Orc:4    | Gained mutation: You are dopey. (Int -2) [a neqoxec]
 31439 | Orc:4    | Paralysed by an orc sorcerer for 6 turns
 31447 | Orc:4    | Gained mutation: You are very dopey. (Int -4) [a neqoxec]
 31450 | Orc:4    | Gained mutation: Your body is slowly deteriorating. [a neqoxec]
 32061 | Orc:4    | Reached XP level 16. HP: 97/97 MP: 29/29
 32591 | Orc:4    | Found Lusih's Assorted Antiques.
 32591 | Orc:4    | Found Yggaukli's Gadget Shoppe.
 32591 | Orc:4    | Found Pli Liugg's Book Emporium.
 32670 | Orc:4    | Received a gift from Okawaru
 32775 | Orc:4    | Found Vyeskytyn's Magic Scroll Emporium.
 32807 | Orc:4    | Bought a scroll of magic mapping for 52 gold pieces
 32807 | Orc:4    | Bought a scroll of identify for 30 gold pieces
 32807 | Orc:4    | Bought a scroll of identify for 30 gold pieces
 32807 | Orc:4    | Bought a scroll of enchant weapon I for 82 gold pieces
 32807 | Orc:4    | Bought a scroll of identify for 30 gold pieces
 32878 | Orc:4    | Paralysed by an orc sorcerer for 5 turns
 34946 | D:13     | Gained mutation: You rapidly evolve. [evolution]
 35081 | D:13     | Got a faintly glowing buckler
 35157 | D:13     | Found a gateway to a ziggurat.
 35514 | Lair:1   | Identified the cursed -4 buckler of Grace {SInv} (You found it on level 13 of the Dungeon)
 35607 | D:14     | Entered Level 14 of the Dungeon
 35629 | D:14     | Received a gift from Okawaru
 36044 | D:14     | Found a portal to a secret trove of treasure.
 36392 | D:15     | Entered Level 15 of the Dungeon
 36420 | D:15     | Noticed Snorg
 36461 | D:15     | Killed Snorg
 36764 | D:15     | Found an ancient bone altar of Kikubaaqudgha.
 36836 | D:15     | Reached skill level 15 in Armour
 36921 | D:15     | Paralysed by a vampire knight for 3 turns
 37342 | D:15     | Gained mutation: You have supernaturally acute eyesight. [mutagenic meat]
 37343 | D:15     | Gained mutation: Your spells are a little harder to cast, but a little more powerful. [mutagenic meat]
 38784 | D:16     | Lost mutation: You need consume almost no food. [mutagenic meat]
 38786 | D:16     | Found a white marble altar of Elyvilon.
 39005 | D:17     | Noticed Louise
 39021 | D:17     | Cast into the Abyss (Louise)
 39021 | Abyss:1  | Found a corrupted altar of Lugonu.
 39077 | Abyss:1  | Gained mutation: Your body is deteriorating. [a neqoxec]
 39146 | Abyss:1  | Reached XP level 17. HP: 106/106 MP: 30/30
 39287 | Abyss:1  | Paralysed by accursed screaming for 1 turns
 39304 | Abyss:1  | Noticed a bone dragon
 39306 | Abyss:1  | Paralysed by accursed screaming for 1 turns
 39316 | Abyss:1  | Paralysed by accursed screaming for 1 turns
 39329 | Abyss:1  | Paralysed by accursed screaming for 1 turns
 39625 | Abyss:1  | Lost mutation: You have supernaturally acute eyesight. [a neqoxec]
 39922 | Abyss:1  | Got a slimy crossbow
 39983 | Abyss:1  | Noticed an ancient lich
 40291 | Abyss:1  | Reached skill level 15 in Shields
 40526 | Abyss:1  | Gained mutation: Armour fits poorly on your strangely shaped body. [a neqoxec]
 40530 | Abyss:1  | Gained mutation: Your body is rapidly deteriorating. [a neqoxec]
 40533 | Abyss:1  | Lost intelligence.
 40538 | Abyss:1  | Gained mutation: You are frail (-10% HP). [a neqoxec]
 40555 | Abyss:1  | Gained mutation: You are weak. (Str -2) [a neqoxec]
 40562 | Abyss:1  | Gained mutation: You are very frail (-20% HP). [a neqoxec]
 40566 | Abyss:1  | Gained mutation: You are extremely frail (-30% HP). [a neqoxec]
 40568 | Abyss:1  | Gained mutation: [Your vision is a little blurry.] [a neqoxec]
 40568 | Abyss:1  | Gained mutation: You are very weak. (Str -4) [a neqoxec]
 40585 | Abyss:1  | Paralysed by accursed screaming for 1 turns
 40628 | Abyss:1  | HP: 3/75 [smoke demon/divine providence (13)]
 40630 | Abyss:1  | Killed from afar by a smoke demon

Action                   |  1- 3 |  4- 6 |  7- 9 | 10-12 | 13-15 | 16-18 || total
-------------------------+-------+-------+-------+-------+-------+-------++-------
Melee: Mace              |    53 |   236 |   684 |  1488 |  3507 |  2268 ||  8236
       Glaive            |       |       |     1 |       |       |       ||     1
       Eveningstar       |       |       |       |   193 |    17 |       ||   210
       Morningstar       |       |       |       |   214 |       |       ||   214
       Scimitar          |       |       |       |    49 |     8 |    23 ||    80
       Unarmed           |       |       |       |    16 |    11 |       ||    27
 Fire: Blowgun           |       |       |       |     8 |     6 |     5 ||    19
Throw: Stone             |       |       |     1 |     3 |       |       ||     4
Invok: Heroism           |       |       |     1 |     9 |    10 |     5 ||    25
       Finesse           |       |       |       |       |     1 |     4 ||     5
 Abil: Evoke Berserk Rag |       |       |       |     2 |    18 |    10 ||    30
       Evoke Teleport Co |       |       |       |       |     1 |       ||     1
       Fly               |       |       |       |       |     1 |     1 ||     2
       Stop Flying       |       |       |       |       |       |     1 ||     1
Evoke: Wand              |       |       |     2 |    20 |    24 |     8 ||    54
       Deck              |       |       |       |       |    13 |       ||    13
  Use: Potion            |       |       |    10 |     2 |     6 |    16 ||    34
       Scroll            |       |       |       |    28 |    10 |    12 ||    50
 Stab: Paralysed         |       |       |    10 |     2 |     4 |       ||    16
